 Dungeon Crawl Stone Soup version 0.22-a0-265-g0d8bc90 (webtiles) character file.

18 JeffiDaFish the Firebug (level 2, -2/15 HPs)
             Began as a Tengu Fire Elementalist on Mar 6, 2018.
             Slain by Terence
             ... wielding a +0 short sword
              (5 damage)
             ... on level 2 of the Dungeon on Mar 7, 2018.
             The game lasted 00:03:28 (1566 turns).

JeffiDaFish the Firebug (Tengu Fire Elementalist)   Turns: 1566, Time: 00:03:29

Health: -2/15      AC:  2    Str:  8    XL:     2   Next: 66%
Magic:  1/6        EV: 13    Int: 20    God:
Gold:   25         SH:  0    Dex: 14    Spells: 4/5 levels left

rFire    . . .     SeeInvis .   e - +0 short sword
rCold    . . .     Gourm    .   (no shield)
rNeg     . . .     Faith    .   a - +0 robe
rPois    .         Spirit   .   (helmet restricted)
rElec    .         Reflect  .   (no cloak)
rCorr    .         Harm     .   (no gloves)
MR       .....                  (boots unavailable)
Stlth    ++........             (no amulet)
HPRegen  0.05/turn              d - +5 ring of intelligence
MPRegen  0.10/turn              (no ring)

@: no status effects
A: beak, talons 3
a: no special abilities


You were on level 2 of the Dungeon.
You were not hungry.

You visited 1 branch of the dungeon, and saw 2 of its levels.

You collected 25 gold pieces.

Inventory:

Hand Weapons
 e - a +0 short sword (weapon)
Armour
 a - a +0 robe (worn)
Jewellery
 d - a +5 ring of intelligence (left hand)
Comestibles
 c - 3 rations


   Skills:
 + Level 0.1 Fighting
 + Level 2.3 Dodging
 + Level 2.1 Stealth
 + Level 2.2 Spellcasting
 + Level 1.8 Conjurations
 + Level 3.7 Fire Magic


You had 4 spell levels left.
You knew the following spells:

 Your Spells              Type           Power        Failure   Level  Hunger
a - Flame Tongue          Conj/Fire      ##...        4%          1    #......


Dungeon Overview and Level Annotations

Branches:
Dungeon (2/15)

Altars:
Gozag

Annotations:
D:2 Terence


Innate Abilities, Weirdness & Mutations

You have a beak for a mouth.
You have claws for feet.


Message History

Aim: Terence, wielding a short sword and wearing a scale mail (lightly wounded, unusually resistant)
The flame tongue hits Terence.
Terence resists.
Terence is moderately wounded.
Terence closely misses you.
You see here a ration.
Terence says, "How do you enjoy it?" Terence hits you with a short sword.
Casting: Flame Tongue (safe; 4% risk of failure)
Confirm with . or Enter, or press ? or * to list all spells.
Aiming: Flame Tongue (safe; 4% risk of failure)
Press: ? - help, Shift-Dir - straight line, f/p - Terence
Aim: Terence, wielding a short sword and wearing a scale mail (moderately wounded, unusually resistant)
The flame tongue hits Terence.
Terence completely resists.
Terence is moderately wounded.
You closely miss Terence. You claw Terence. You peck Terence.
Terence is severely wounded.
Terence hits you with a short sword!
* * * LOW HITPOINT WARNING * * *
Terence hits you with a short sword.
You die...

#...(......≈ #...........
#.(.........
##############...........
#.........#...>..........
#.#######.#.###..........
#.# #.#.# #..........
#.#######.#@# ###########
#....(..#.#@#
#######)#.#.# #.#.#.#
###(#.#.# #.......#
#....########
#....#......#
#....#.####.#
#....#.#..#.#


You could see Terence.

Vanquished Creatures
  A leopard gecko (D:2)
  A bat (D:1)
  A giant cockroach (D:1)
  A hobgoblin (D:1)
  5 jackals (D:1)
  3 frilled lizards (D:1)
  A goblin (D:2)
  2 kobolds (D:1)
  A rat (D:2)
16 creatures vanquished.

Notes
Turn   | Place    | Note
-------+----------+-------------------------------------------
     0 | D:1      | JeffiDaFish the Tengu Fire Elementalist began the quest for the Orb.
     0 | D:1      | Reached XP level 1. HP: 10/10 MP: 4/4
   277 | D:1      | Reached XP level 2. HP: 15/15 MP: 1/6
  1362 | D:2      | Found an opulent altar of Gozag.
  1364 | D:2      | Noticed Terence
  1566 | D:2      | Slain by Terence

Vault maps used:
D:1:      dpeg_arrival_pits, kennysheep_flooded_box
D:2:      old_standard_altar, nicolae_gozag_zags_fifth_avenue, uniq_terence

Action                   || total
-------------------------++-------
Melee: Short sword       ||    14
       Kick              ||     6
       Peck              ||     1
 Cast: Flame Tongue      ||    24
  Use: Scroll            ||     3
 Stab: Sleeping          ||     1
  Eat: Chunk             ||     2
Armor: Robe              ||     3
Dodge: Dodged            ||    12

Table legend:
 A = Spawn XP
 B = Non-spawn XP
 C = Spawn XP percentage of total XP
 D = Spawn monster count
 E = Non-spawn monster count
 F = Spawn count percentage of total count
 G = Total turns spent on level
                    A         B        C        D         E        F      G
               +---------+---------+-------+---------+---------+-------+---------
         Total |       0 |      26 |   0.0 |       0 |      16 |   0.0 |  1566
               +---------+---------+-------+---------+---------+-------+---------
           D:1 |       0 |      21 |   0.0 |       0 |      13 |   0.0 |  1286
           D:2 |       0 |       5 |   0.0 |       0 |       3 |   0.0 |   280
               +---------+---------+-------+---------+---------+-------+---------
